 Dungeon Crawl Stone Soup version 0.20.0-10-g0535bb4 (webtiles) character file.

487 McKennaii the Covered (level 6, -2/48 HPs)
             Began as a Demonspawn Fighter on June 5, 2017.
             Slain by a centaur (5 damage)
             ... on level 5 of the Dungeon.
             The game lasted 00:03:16 (4181 turns).

McKennaii the Covered (Demonspawn Fighter)          Turns: 4181, Time: 00:03:18

Health: -2/48      AC:  8    Str: 17    XL:     6   Next: 89%
Magic:  6/6        EV:  8    Int: 10    God:
Gold:   119        SH:  9    Dex: 13    Spells: 5/5 levels left

rFire    . . .     SeeInvis .   a - +0 long sword
rCold    . . .     Gourm    .   c - +0 shield
rNeg     . . .     Faith    .   b - +0 scale mail
rPois    .         Spirit   .   w - +0 helmet
rElec    .         Reflect  .   u - scarf {cloud immunity}
rCorr    .         Harm     .   (no gloves)
MR       .....                  (no boots)
Stlth    ..........             (no amulet)
Regen    0.2/turn               (no ring)
MPRegen  0.1/turn               (no ring)

@: no status effects
A: hooves 2, demonic guardian 1, spiny 1
a: no special abilities


You were on level 5 of the Dungeon.
You were not hungry.

You visited 1 branch of the dungeon, and saw 5 of its levels.

You collected 119 gold pieces.

Inventory:

Hand Weapons
 a - a +0 long sword (weapon)
Armour
 b - a +0 scale mail (worn)
 c - a +0 shield (worn)
 u - a scarf of cloud immunity (worn)
 w - a +0 helmet (worn)
Jewellery
 v - a +2 ring of strength {unknown}
Wands
 x - a wand of digging (5/24)
Scrolls
 e - 4 scrolls of remove curse {unknown}
 g - 6 scrolls of identify {unknown}
 h - 2 scrolls of enchant weapon {unknown}
 i - a scroll of fog {unknown}
 n - 2 scrolls of fear {unknown}
 p - a scroll of magic mapping {unknown}
 r - 2 scrolls of immolation {unknown}
 y - a scroll of enchant armour {unknown}
Potions
 d - a potion of might
 j - 2 potions of curing {unknown}
 k - a potion of lignification {unknown}
 o - 2 potions of cancellation {unknown}
 q - 3 potions of heal wounds {unknown}
 t - a potion of ambrosia {unknown}
Books
 s - a book of Maledictions

   Spells                             Type                      Level
   a - Corona                         Hexes                        1
   b - Ensorcelled Hibernation        Hexes/Ice                    2
   c - Confuse                        Hexes                        3
   d - Tukima's Dance                 Hexes                        3
   e - Dazzling Spray                 Conjuration/Hexes            3
Comestibles
 f - 2 bread rations
 l - a royal jelly
 m - 2 meat rations
 z - a chunk of flesh


   Skills:
 + Level 3.9 Fighting
 + Level 3.8 Long Blades
 + Level 4.3 Armour
 + Level 1.7 Dodging
 - Level 0.2 Stealth
 + Level 4.0 Shields


You had 5 spell levels left.
You didn't know any spells.

Dungeon Overview and Level Annotations

Branches:
Dungeon (5/15)
 Temple: D:4-7

Altars:
Ashenzari
Dithmenos


Innate Abilities, Weirdness & Mutations

You have hoof-like feet.
A weak demonic guardian rushes to your aid.
You are partially covered in sharp spines.


Message History

The centaur is lightly wounded.
The centaur unwields an uncursed shortbow.
You block the centaur's attack.
Your ufetubus hits the centaur.
Your ufetubus barely misses the centaur.
You barely miss the centaur. Your kick misses the centaur.
The centaur is moderately wounded.
You block the centaur's attack.
Your ufetubus hits the centaur but does no damage.
Your ufetubus closely misses the centaur.
You block the centaur's attack.
Your ufetubus hits the centaur.
Your ufetubus barely misses the centaur.
The orc hits you.
* * * LOW HITPOINT WARNING * * *
You hit the centaur.
The centaur is heavily wounded.
The centaur hits you but does no damage.
Your ufetubus hits the centaur.
Your ufetubus hits the centaur but does no damage.
The centaur is struck by your spines. The centaur hits you.
You die...

##..≈ ....≈≈≈
#...). ..... ≈
... .. #.#
#..#
#####.###...#
..##...5.>...#
......c@o<).(#
.###.#######.#
.o #.# #


You could see a centaur, an orc and a friendly ufetubus.

Vanquished Creatures
  Sigmund (D:4)
  A crimson imp (D:4)
  Ijyb (D:4)
  4 worker ants (D:4)
  4 adders
  2 gnolls (D:3)
  2 oozes
  A dart slug (D:2)
  5 leopard geckos
  5 orcs
  A ball python (D:2)
  A giant cockroach (D:2)
  2 goblins (D:2)
  6 hobgoblins
  4 jackals (D:1)
  8 kobolds
  4 bats
  4 frilled lizards
  6 rats
62 creatures vanquished.

Vanquished Creatures (collateral kills)
  An ogre (D:5)
1 creature vanquished.

Vanquished Creatures (others)
  An orc (D:5)
1 creature vanquished.

Grand Total: 64 creatures vanquished

Notes
Turn   | Place    | Note
-------+----------+-------------------------------------------
     0 | D:1      | McKennaii the Demonspawn Fighter began the quest for the Orb.
     0 | D:1      | Reached XP level 1. HP: 18/18 MP: 1/1
   607 | D:1      | Gained mutation: You have large cloven feet. [demonic ancestry]
   607 | D:1      | Reached XP level 2. HP: 20/24 MP: 2/2
   898 | D:2      | Found a shadowy altar of Dithmenos.
  1133 | D:2      | Gained mutation: You have hoof-like feet. [demonic ancestry]
  1133 | D:2      | Reached XP level 3. HP: 23/29 MP: 3/3
  2299 | D:3      | Gained mutation: A weak demonic guardian rushes to your aid. [demonic ancestry]
  2299 | D:3      | Reached XP level 4. HP: 23/35 MP: 4/4
  2778 | D:3      | Found a shattered altar of Ashenzari.
  3039 | D:4      | Reached skill level 1 in Dodging
  3170 | D:4      | Noticed Sigmund
  3193 | D:4      | Killed Sigmund
  3193 | D:4      | Reached XP level 5. HP: 24/42 MP: 5/5
  3193 | D:4      | Gained mutation: You are partially covered in sharp spines. [demonic ancestry]
  3193 | D:4      | Reached XP level 6. HP: 28/48 MP: 6/6
  3417 | D:4      | Noticed Ijyb
  3434 | D:4      | Killed Ijyb
  4015 | D:5      | Entered Level 5 of the Dungeon
  4181 | D:5      | Slain by a centaur

Skill      XL: |  1  2  3  4  5  6 |
---------------+-------------------+-----
Long Blades    | 2 3 |  3.8
Armour         | 3 4 |  4.3
Shields        | 3 4 |  4.0
Dodging        | 1 |  1.7
Fighting       | |  3.9
Stealth        | |  0.2

Action                   |  1- 3 |  4- 6 || total
-------------------------+-------+-------++-------
Melee: Long sword        |   167 |   101 ||   268
       Kick              |    36 |    24 ||    60
  Eat: Chunk             |     3 |     8 ||    11
Armor: Scale mail        |    87 |    32 ||   119
Dodge: Dodged            |    57 |    30 ||    87
Block: Shield            |    94 |    57 ||   151
       Rpst.: Long sword |    23 |    10 ||    33
